AoeStats
← acp961

Arena

509271625Analyzed
3v3 RM · 6d ago on Sep 26, 2026· 46m 24s· 6 players
Game mode
Random Map
Map size
Normal (6 player)
Population
200
Speed
Normal
Resources
Standard
Victory
Conquest
Starting age
Dark Age
Ending age
Imperial Age
RankedLock teamsTeams togetherTeam positionsShared explorationLock speedFull tech treeHidden civsTurbo modeCheats
Victory
Defeat
🇵🇪 Spanish · Peru
1123
+13
🇵🇪 Huns · Peru
1067
+16
🇨🇱 Bohemians · Chile
1022
+17
🇺🇸 Mongols · United States
1118
-18
🇨🇳 Cumans · China
1029
-14
🇦🇷 Chinese · Argentina
1028
-14
Xavi-10-
10:18 Feudal Age
14:27 Castle Age
12:26 Double-Bit Axe
13:01 Stone Mining
13:51 Loom
16:02 Bow Saw
18:27 Horse Collar
20:05 Wheelbarrow
20:21 Padded Archer Armor
26:56 Imperial Age
26:17 Pikeman
27:21 Leather Archer Armor
31:53 Stone Shaft Mining
31:09 Gold Mining
32:30 Halberdier
34:50 Two-Man Saw
38:19 Hand Cart
acp961
10:37 Feudal Age
15:06 Castle Age
13:14 Double-Bit Axe
16:26 Bow Saw
21:08 Horse Collar
23:30 Wheelbarrow
23:09 Stone Mining
24:29 Hand Cart
24:09 Loom
24:22 Gold Mining
24:48 Heavy Plow
29:59 Imperial Age
30:02 Marauders
30:47 Gold Shaft Mining
30:49 Husbandry
31:00 Bloodlines
31:22 Scale Barding Armor
31:27 Forging
30:50 Elite Tarkan
33:00 Chain Barding Armor
34:25 Two-Man Saw
34:19 Conscription
35:15 Iron Casting
41:27 Chemistry
40:23 Murder Holes
41:51 Parthian Tactics
rodrigolbs
10:37 Feudal Age
14:45 Castle Age
12:59 Double-Bit Axe
14:28 Loom
19:05 Bow Saw
24:03 Horse Collar
26:14 Heavy Plow
30:23 Imperial Age
28:31 Wheelbarrow
29:49 Forging
29:39 Scale Mail Armor
32:00 Chemistry
32:26 Iron Casting
32:06 Chain Mail Armor
31:15 Pikeman
31:55 Squires
32:27 Conscription
32:18 Halberdier
34:40 Two-Man Saw
34:04 Hand Cart
35:21 Plate Mail Armor
35:52 Blast Furnace
38:18 Houfnice
43:47 Arson
44:34 Siege Engineers
44:50 Ballistics
44:26 Murder Holes
44:43 Fortified Wall
Rey Albertito
0:31 Loom
10:32 Feudal Age
17:10 Castle Age
EARLYRUSH
10:30 Feudal Age
12:01 Wheelbarrow
14:57 Castle Age
14:54 Double-Bit Axe
15:01 Stone Mining
20:09 Horse Collar
22:18 Hand Cart
22:41 Gold Mining
23:41 Bow Saw
23:33 Heavy Plow
26:19 Scale Barding Armor
26:25 Forging
26:52 Husbandry
27:05 Bloodlines
28:41 Gold Shaft Mining
33:22 Iron Casting
33:28 Chain Barding Armor
37:34 Imperial Age
37:45 Elite Steppe Lancer
39:25 Nomads
40:48 Man-at-Arms
41:46 Long Swordsman
43:36 Blast Furnace
43:09 Conscription
42:32 Two-Handed Swordsman
AOEHD
8:29 Feudal Age
8:59 Double-Bit Axe
8:55 Horse Collar
11:54 Town Watch
12:27 Loom
13:17 Wheelbarrow
15:16 Loom
19:34 Castle Age
18:19 Scale Barding Armor
19:26 Forging
19:42 Bloodlines
22:03 Heavy Plow
22:28 Capped Ram
25:49 Chain Barding Armor
33:06 Imperial Age
33:26 Iron Casting
33:08 Hand Cart
32:46 Pikeman
33:26 Squires
33:12 Arson
34:25 Plate Barding Armor
33:35 Cavalier
34:27 Gold Mining
34:27 Stone Mining
35:06 Siege Ram
35:09 Paladin
Connection lost

Rejoining the realm…

Still unreachable

The connection could not be restored.

Session expired

The server has moved on; the page needs a fresh start.